 Dungeon Crawl Stone Soup version 0.24.0-123-gd5b16e6ec5 (webtiles) character file.

Game seed: 7646955801939337954, levelgen mode: deterministic

1723 Peloso the Carver (level 8, 0/70 HPs)
             Began as a Minotaur Fighter on Feb 10, 2020.
             Hit by a boomerang thrown by an orc (3 damage)
             ... on level 5 of the Dungeon.
             The game lasted 00:10:19 (4460 turns).

Peloso the Carver (Minotaur Fighter)                Turns: 4460, Time: 00:10:21

Health: 0/70       AC: 14    Str: 22    XL:     8   Next: 75%
Magic:  16/16      EV:  6    Int:  5    God:
Gold:   321        SH: 11    Dex: 11    Spells: 7/7 levels left

rFire    . . .     SeeInvis .   a - +0 long sword
rCold    . . .     Gourm    .   c - +0 shield
rNeg     . . .     Faith    .   o - +0 plate armour
rPois    .         Spirit   .   (helmet restricted)
rElec    .         Reflect  .   j - +0 cloak
rCorr    .         Harm     .   (no gloves)
MR       +....                  (no boots)
Stlth    ..........             (no amulet)
HPRegen  0.21/turn              p - ring of magical power
MPRegen  0.15/turn              i - ring of protection from magic

@: lethally poisoned (0 -> -16)
A: retaliatory headbutt, horns 2, mutation resistance 1
a: no special abilities


You were on level 5 of the Dungeon.
You were near starving.

You visited 1 branch of the dungeon, and saw 5 of its levels.

You collected 321 gold pieces.

Inventory:

Hand Weapons
 a - a +0 long sword (weapon)
Armour
 b - a +0 scale mail
 c - a +0 shield (worn)
 j - a +0 cloak (worn)
 o - a +0 plate armour (worn)
Jewellery
 g - an uncursed ring of see invisible
 i - a ring of protection from magic (right hand)
 p - a ring of magical power (left hand)
Wands
 n - a wand of random effects (19)
 s - a wand of iceblast (8)
 u - a wand of flame (11)
Scrolls
 d - a scroll of blinking {unknown}
 e - 5 scrolls of identify
 k - 3 scrolls of teleportation {unknown}
 l - a scroll of noise {unknown}
 m - 2 scrolls of immolation {unknown}
 q - 2 scrolls of fog {unknown}
 r - 2 scrolls of magic mapping {unknown}
Potions
 h - a potion of mutation
Comestibles
 f - 11 rations


   Skills:
 + Level 6.1 Fighting
 + Level 8.3 Long Blades
 + Level 7.0 Armour
 + Level 2.4 Dodging
 + Level 0.7 Stealth
 + Level 7.6 Shields


You had 7 spell levels left.
You didn't know any spells.
Your spell library was empty.

Dungeon Overview and Level Annotations

Branches:
Dungeon (5/15)
 Temple: D:4-7

Altars:
Gozag
Qazlal
Uskayaw


Innate Abilities, Weirdness & Mutations

You reflexively headbutt those who attack you in melee.
You have a pair of horns on your head.
You are somewhat resistant to further mutation.


Message History

There is a stone staircase leading down, spattered with blood here.
You slash the orc priest!
You kill the orc priest!
* * * LOW HITPOINT WARNING * * *
You feel sick.
Unknown command.
Okay, then.
Really quaff the potion of mutation?
You feel extremely strange.
You feel genetically stable.
* * * LOW HITPOINT WARNING * * *
You feel sick.
You have 321 gold pieces.
* * * LOW HITPOINT WARNING * * *
You feel sick.
You climb downwards.
* * * LOW HITPOINT WARNING * * *
You feel sick. You block the crimson imp's attack.
The orc throws a boomerang.
The boomerang hits you.
You die...

#...........#..###..............
#.....##..#.#...†.[.............
###...##..#....###............#.
#.<...#.(......##.o.#..##...##
##.........#####...###..##...#
####..........#...[##.#........
##.......÷...........#..........
#.....##.#..###..........##.....
###.#.####..##..@)o......#.....#
#.#.##.##.....5..#...........#
##......#........##..#.....=..
###....###..........##.####..
###..#................#
#...#......########...
#........^.# .... ###.......##
#... ##..÷...#


You could see an orc wizard, a crimson imp and an orc.

Vanquished Creatures
  Pikel (D:4)
  Grinder (D:4)
  Sigmund (D:2)
  Duvessa (D:4)
  A sky beast (D:5)
  4 slaves
  Dowan (D:4)
  A scorpion (D:4)
  A howler monkey (D:4)
  A crimson imp (D:5)
  A hound (D:5)
  2 orc wizards
  3 orc priests
  A bullfrog skeleton (D:4)
  A centaur skeleton (D:4)
  Ijyb (D:4)
  An iguana (D:5)
  5 worker ants
  A worker ant zombie (D:5)
  3 gnolls (D:4)
  5 adders
  2 adder skeletons
  3 worms
  2 dart slugs
  A leopard gecko (D:1)
  3 orcs
  A ball python (D:5)
  5 giant cockroaches
  2 goblins (D:1)
  6 hobgoblins
  5 jackals (D:4)
  5 kobolds
  5 quokkas
  11 bats
  A frilled lizard (D:2)
  6 rats
95 creatures vanquished.

Notes
Turn   | Place    | Note
-------+----------+-------------------------------------------
     0 | D:1      | Peloso the Minotaur Fighter began the quest for the Orb.
     0 | D:1      | Reached XP level 1. HP: 19/19 MP: 0/0
   236 | D:1      | Reached XP level 2. HP: 27/27 MP: 1/1
   967 | D:2      | Noticed Sigmund
   973 | D:2      | Killed Sigmund
   973 | D:2      | Reached skill level 3 in Long Blades
   973 | D:2      | Reached skill level 1 in Dodging
   973 | D:2      | Reached XP level 3. HP: 28/34 MP: 2/2
   973 | D:2      | Reached XP level 4. HP: 34/41 MP: 3/3
   973 | D:2      | Reached XP level 5. HP: 39/47 MP: 4/4
  1059 | D:2      | Reached skill level 5 in Shields
  1152 | D:2      | Found a stormy altar of Qazlal.
  1352 | D:3      | Found an opulent altar of Gozag.
  1360 | D:3      | Reached skill level 5 in Armour
  1859 | D:3      | Found a faded altar of an unknown god.
  2058 | D:3      | Found a hide-covered altar of Uskayaw.
  2394 | D:4      | Reached skill level 4 in Long Blades
  2394 | D:4      | Reached XP level 6. HP: 53/53 MP: 5/5
  3142 | D:4      | Reached skill level 5 in Long Blades
  3190 | D:4      | Noticed Ijyb
  3205 | D:4      | Killed Ijyb
  3205 | D:4      | Reached XP level 7. HP: 52/60 MP: 6/6
  3221 | D:4      | Noticed Grinder
  3229 | D:4      | Noticed Dowan
  3230 | D:4      | Noticed Duvessa
  3236 | D:4      | Paralysed by Grinder for 2 turns
  3261 | D:4      | Killed Duvessa
  3264 | D:4      | Killed Grinder
  3264 | D:4      | Reached skill level 5 in Fighting
  3264 | D:4      | Reached skill level 6 in Long Blades
  3271 | D:4      | Killed Dowan
  3510 | D:5      | Entered Level 5 of the Dungeon
  3602 | D:5      | Reached skill level 7 in Long Blades
  3628 | D:5      | Reached XP level 8. HP: 17/68 MP: 7/7
  4082 | D:5      | Noticed Pikel
  4424 | D:4      | Killed Pikel
  4424 | D:4      | Reached skill level 8 in Long Blades
  4458 | D:4      | Gained mutation: You are somewhat resistant to further
                  | mutation. [potion of mutation]
  4460 | D:5      | HP: 3/70 [poisoned by an orc wizard]
  4460 | D:5      | Hit by a boomerang thrown by an orc

Levels and vault maps discovered:
D:1:      eino_arrival_water_star, layout_basic
D:2:      layout_basic, lemuel_round_altar, minmay_heptomino_o4, uniq_sigmund
D:3:      layout_loops_corners, nicolae_gozag_seed_capital,
          nicolae_overflow_hidden_temple, chequers_ecumenical_altar_island,
          first_ration, bh_walls_and_bars
D:4:      layout_basic, chequers_decorated_corner, uniq_grinder, uniq_duvessa,
          uniq_ijyb
D:5:      layout_cave_pools, uniq_pikel

Skill      XL: |  1  2  3  4  5  6  7  8 |
---------------+-------------------------+-----
Fighting       | 4 5 6 |  6.1
Armour         | 4 5 6 7 |  7.0
Shields        | 4 5 6 7 |  7.6
Long Blades    | 3 4 5 7 8 |  8.3
Dodging        | 1 2 |  2.4
Stealth        | |  0.7

Action                   |  1- 3 |  4- 6 |  7- 9 || total
-------------------------+-------+-------+-------++-------
Melee: Long sword        |    45 |   173 |   174 ||   392
       Headbutt          |     3 |    26 |    41 ||    70
  Use: Potion            |     1 |     2 |     2 ||     5
       Scroll            |       |       |     1 ||     1
  Eat: Chunk             |       |     7 |     3 ||    10
Armor: Scale mail        |    21 |    15 |       ||    36
       Plate armour      |       |    84 |    96 ||   180
Dodge: Dodged            |    16 |    49 |    38 ||   103
Block: Shield            |    24 |   103 |   117 ||   244
       Rpst.: Long sword |     6 |    18 |     8 ||    32
